Map: Moonlight Madness LE (Void)

Players

SticklerMac

  • Race: Terran Terran
  • League: Bronze

Boulbichou - Winner!

  • Race: Terran Terran
  • League: Bronze

VOD

Have the link to the VOD?

Description

Time

  • Played on: July 28, 2015, 4:37 p.m.
  • Length: 14:54
Show
View Real Time Build Order
Export as new Build Order

SticklerMac Terran 

Build Orders:  

Get SALT Encoding   

  12  0:00  SCV  
  13  0:13  SCV  
  14  0:17  Supply Depot  
  14  0:25  SCV  
  15  0:39  SCV  
  15  0:40  Barracks  
  16  0:51  SCV  
  16  0:55  Refinery  
  17  1:03  Barracks  
  17  1:09  Supply Depot  
  17  1:11  SCV  
  18  1:30  Marine  
  18  1:32  Barracks  
  19  1:39  SCV  
  20  1:51  SCV  
  20  1:52  Barracks  
  21  2:03  Factory  
  21  2:23  Barracks Reactor  
  21  2:29  Barracks Tech Lab  
  21  2:38  Marine  
  21  2:39  Marine  
  21  2:40  Marine x2  
  25  2:47  Starport  
  25  2:58  Barracks Reactor  
  25  2:59  Marine x2  
  25  3:00  Marine  
  28  3:05  Supply Depot  
  28  3:07  Supply Depot  
  28  3:18  Barracks  
  28  3:19  Barracks Reactor  
  28  3:21  Marine  
  29  3:29  Marine  
  30  3:37  Marine  
  30  3:38  Marine  
  30  3:39  Marine  
  33  3:47  Orbital Command  
  33  3:54  Medivac  
  35  3:58  Marine  
  35  4:01  Marine  
  37  4:04  Marine  
  37  4:07  Marine  
  39  4:10  Marine  
  40  4:19  Marine  
  40  4:20  Refinery  
  40  4:21  Marine  
  42  4:31  Medivac  
  44  4:35  Marine  
  44  4:36  Marine  
  44  4:37  Marine  
  47  4:55  Supply Depot  
  47  5:02  Supply Depot  
  47  5:08  Supply Depot  
  47  5:16  Marine x2  
  47  5:17  SCV  
  50  5:26  Marine x3  
  50  5:27  Marine x2  
  55  5:29  SCV  
  55  5:34  Marine  
  57  5:42  Medivac  
  59  5:47  Marine  
  59  5:48  Marine  
  61  5:52  Marine  
  61  5:55  Marine  
  61  5:56  Marine  
  64  6:12  Medivac  
  66  6:20  Marine x5  
  71  7:12  Marine  
  71  7:14  Medivac, Marine x3  
  68  7:20  Marine x3  
  60  7:30  Marine  
  60  7:32  Marine x3  
  60  7:36  Command Center  
  64  7:38  Marine  
  65  7:44  Medivac  
  65  7:46  Marine  
  65  7:49  Marine  
  69  7:53  Marine  
  70  8:04  Marine  
  71  8:48  Medivac, Marine x7  
  80  9:05  Marine  
  80  9:06  Marine x5  
  86  9:12  Supply Depot  
  86  9:13  Supply Depot  
  86  9:33  Marine x7  
  93  9:51  Marine x2  
  81  10:26  Marine x6  
  81  10:27  Marine  
  88  10:43  Marine  
  88  10:44  Marine x6  
  95  11:01  Marine x2  
  95  11:02  Marine x5  
  102  12:25  Marine x2  
  102  12:27  Marine x2  
  102  12:28  Marine  
  84  13:59  Supply Depot  
  84  14:02  Supply Depot  
  84  14:21  SCV, Marine x2  
  84  14:23  Marine  
  88  14:33  SCV  
Show
View Real Time Build Order
Export as new Build Order

Boulbichou Terran - Winner!

Build Orders:  

Get SALT Encoding   

  12  0:01  SCV  
  13  0:13  SCV  
  14  0:20  Supply Depot  
  14  0:25  SCV  
  15  0:42  SCV  
  16  0:46  Barracks  
  16  0:54  SCV  
  17  1:11  SCV  
  18  1:23  SCV  
  19  1:28  Command Center  
  19  1:35  Barracks  
  19  1:36  Marine  
  20  1:43  Orbital Command  
  20  1:49  Refinery  
  20  1:54  Marine  
  21  2:14  Marine  
  21  2:18  Refinery  
  21  2:23  Supply Depot  
  21  2:27  SCV  
  22  2:32  Marine  
  23  2:39  Barracks Tech Lab  
  23  2:43  SCV  
  24  2:50  Marine  
  25  2:56  Factory  
  25  2:57  SCV  
  27  2:58  SCV  
  27  3:09  Refinery, Marine  
  28  3:14  Barracks  
  28  3:20  Combat Shields  
  28  3:30  Barracks Reactor  
  28  3:31  SCV  
  29  3:40  Supply Depot  
  29  3:43  Factory Tech Lab  
  29  3:50  SCV  
  29  3:52  Orbital Command  
  30  4:00  Engineering Bay  
  30  4:02  SCV  
  31  4:05  Engineering Bay  
  31  4:09  Siege Tank  
  34  4:13  Marine  
  34  4:14  SCV  
  36  4:28  Sensor Tower  
  36  4:32  Terran Infantry Weapons Level 1  
  36  4:42  Supply Depot  
  36  4:43  SCV  
  37  4:46  SCV  
  38  5:01  Siege Tank  
  38  5:02  Supply Depot  
  38  5:03  Marine  
  38  5:04  Supply Depot  
  38  5:05  Barracks Reactor  
  42  5:09  SCV  
  42  5:10  SCV  
  44  5:22  SCV x2  
  44  5:27  Supply Depot  
  44  5:28  Supply Depot  
  46  5:34  SCV  
  47  5:37  Missile Turret  
  47  5:43  SCV  
  47  5:46  SCV  
  47  5:47  Starport  
  49  5:51  Starport  
  49  5:55  Supply Depot  
  49  5:56  Missile Turret  
  50  5:58  SCV  
  47  6:18  Missile Turret  
  47  6:28  Command Center, Starport Reactor x2  
  47  6:41  Marine x2  
  47  6:42  Marauder, Marine x2  
  53  6:59  Marine  
  54  7:05  Missile Turret  
  54  7:06  Missile Turret  
  54  7:10  Missile Turret  
  48  7:20  Orbital Command  
  45  7:36  SCV  
  46  7:40  Marine x2  
  48  7:44  Refinery  
  48  7:45  Refinery  
  48  7:48  SCV  
  49  7:55  Terran Infantry Armor Level 1  
  49  7:58  Marine x2  
  51  8:00  SCV  
  51  8:01  Medivac  
  51  8:02  Armory, Viking  
  51  8:03  Marine  
  57  8:16  SCV x2, Marine  
  60  8:28  SCV  
  61  8:40  Medivac  
  61  8:41  Medivac  
  65  8:44  Siege Tank  
  65  8:48  SCV x2  
  70  8:50  Medivac  
  72  9:02  Stimpack  
  72  9:04  Terran Infantry Weapons Level 2  
  72  9:08  Terran Ship Weapons Level 1  
  72  9:18  SCV x2  
  72  9:21  Supply Depot  
  74  9:30  Supply Depot, SCV x2  
  76  9:31  Supply Depot  
  76  9:32  Supply Depot  
  76  9:35  Supply Depot  
  76  9:42  SCV  
  76  9:44  Supply Depot  
  76  9:45  Viking, Medivac  
  81  9:47  Viking, Medivac  
  81  9:48  Marine  
  81  9:51  Marine  
  83  10:15  Viking, Medivac  
  83  10:17  Viking, Medivac  
  91  10:42  Siege Tank  
  94  10:43  Command Center  
  94  10:45  Viking x2  
  94  10:46  Marine x2  
  94  10:47  Viking x2  
  102  11:05  Marine x5  
  107  11:12  Missile Turret  
  107  11:15  Viking x2  
  111  11:20  Concussive Shells  
  111  11:23  Marine x4  
  113  11:37  Siege Tank  
  113  11:38  Marine  
  117  11:41  Marine x4  
  121  11:56  Marine  
  121  11:57  Missile Turret x2  
  121  11:59  Orbital Command, Marine x3  
  125  12:02  Missile Turret, Terran Infantry Armor Level 2  
  125  12:30  Marine x3  
  125  12:31  Marine  
  114  13:13  Marine x4  
  114  13:14  Marine  
  116  13:31  Marine x4  
  120  13:36  Orbital Command  
  120  13:39  Command Center  
  120  13:48  Viking x2  
  120  13:49  Viking x2  
  128  14:02  Refinery  
  128  14:04  Missile Turret  
  128  14:06  Missile Turret  
  128  14:07  Refinery  
  128  14:13  Bunker  
  128  14:18  Viking  
  128  14:19  Viking  
  128  14:20  SCV x3  
  135  14:32  SCV x3  
  135  14:33  Marine x3  
  135  14:34  Marine  
Tags
 
Add a new tag
Caveats
  • Supply blocks, unpowered buildings, or Contaminate may cause inaccurate times.
  • Supply counts are checked every 10 seconds.